 Dungeon Crawl Stone Soup version 0.21-a0-270-g8204059 (webtiles) character file.

11 tidbits the Insei (level 2, 0/22 HPs)
             Began as a Demigod Transmuter on Sept 13, 2017.
             Slain by a hobgoblin
             ... wielding a +0 club
              (5 damage)
             ... on level 1 of the Dungeon.
             The game lasted 00:02:46 (327 turns).

tidbits the Insei (Demigod Transmuter)               Turns: 327, Time: 00:02:47

Health: 0/22       AC:  2    Str: 13    XL:     2   Next: 6%
Magic:  6/7        EV: 12    Int: 17    God:
Gold:   0          SH:  0    Dex: 16    Spells: 3/4 levels left

rFire    . . .     SeeInvis .     - Unarmed
rCold    . . .     Gourm    .   (no shield)
rNeg     . . .     Faith    .   b - +0 robe
rPois    .         Spirit   .   (no helmet)
rElec    .         Reflect  .   (no cloak)
rCorr    .         Harm     .   (no gloves)
MR       .....                  (no boots)
Stlth    +.........             (no amulet)
HPRegen  0.07/turn              (no ring)
MPRegen  0.10/turn              (no ring)

@: appendage (expiring)
A: horns 2, high mp 1
a: End Transformation


You were on level 1 of the Dungeon.
You were not hungry.
You had grown temporary horns.
You visited 1 branch of the dungeon, and saw 1 of its levels.

Inventory:

Hand Weapons
 s - a +0 spear
Missiles
 e - 12 arrows
 h - 14 stones (quivered)
Armour
 b - a +0 robe (worn)
Scrolls
 a - a scroll of magic mapping {unknown}
 f - a scroll of immolation {unknown}
 i - a scroll of teleportation {unknown}
Potions
 g - a potion of resistance {unknown}
Books
 c - a book of Changes

   Spells                             Type                      Level
   a - Beastly Appendage              Transmutation                1
   b - Sticks to Snakes               Transmutation                2
   c - Spider Form                    Transmutation/Poison         3
   d - Ice Form                       Ice/Transmutation            4
   e - Blade Hands                    Transmutation                5
Comestibles
 d - a bread ration
 j - a royal jelly


   Skills:
 - Level 0.8 Fighting
 - Level 1.7 Dodging
 * Level 3.1 Unarmed Combat
 + Level 1.9 Spellcasting
 * Level 2.0 Transmutations


You had 3 spell levels left.
You knew the following spells:

 Your Spells              Type           Power        Failure   Level  Hunger
e - Beastly Appendage     Tmut           #.....       9%          1    #......


Dungeon Overview and Level Annotations

Branches:
Dungeon (1/15)


Innate Abilities, Weirdness & Mutations

You have an increased reservoir of magic. (+10% MP)
You have a pair of horns on your head.


Message History

c - a book of Changes (in hand)
You swing at nothing.
You swing at nothing.
You swing at nothing.
You swing at nothing.
Your transformation is almost over.
You swing at nothing.
You swing at nothing.
You swing at nothing.
You swing at nothing.
You swing at nothing.
You swing at nothing.
Your talons disappear.
You swing at nothing.
You swing at nothing.
You swing at nothing.
You swing at nothing.
Wield which item (- for none, * to show all)? (? for menu, Esc to quit)
You are now empty-handed.
You see here a ball python corpse.
You open the door.
A hobgoblin comes into view. It is wielding a club.
There is an open door here.
Casting: Beastly Appendage
Confirm with . or Enter, or press ? or * to list all spells.
Your feet morph into talons.
The helpless hobgoblin fails to defend itself.
You hit the hobgoblin. Your kick misses the hobgoblin.
The hobgoblin is moderately wounded.
Your transformation is almost over.
The hobgoblin closely misses you.
You hit the hobgoblin.
The hobgoblin is heavily wounded.
The hobgoblin hits you with a club.
* * * LOW HITPOINT WARNING * * *
You hit the hobgoblin but do no damage. You claw the hobgoblin.
You kill the hobgoblin!
Your Transmutations skill increases to level 2!
Things that are here:
a club; a hobgoblin corpse
There is an open door here.
There is a stone staircase leading down here.
You close the door.
Your talons disappear.
Wield which item (- for none, * to show all)? (? for menu, Esc to quit)
Okay, then.
Wield which item (- for none, * to show all)? (? for menu, Esc to quit)
c - a book of Changes (in hand)
You swing at nothing.
You swing at nothing.
You swing at nothing.
You swing at nothing.
You swing at nothing.
You swing at nothing.
You swing at nothing.
You swing at nothing.
You swing at nothing.
You swing at nothing.
You swing at nothing.
You swing at nothing.
You swing at nothing.
You swing at nothing.
You swing at nothing.
You swing at nothing.
You swing at nothing.
You swing at nothing.
You swing at nothing.
You swing at nothing.
You swing at nothing.
You swing at nothing.
You swing at nothing.
You swing at nothing.
You swing at nothing.
You swing at nothing.
You swing at nothing.
You swing at nothing.
You swing at nothing.
You swing at nothing.
You swing at nothing.
You swing at nothing.
Wield which item (- for none, * to show all)? (? for menu, Esc to quit)
That's the wrong kind of item! (Use * to select it.) Wield which item (- for none, * to show all)? (? for menu, Esc to quit)
Okay, then.
Wield which item (- for none, * to show all)? (? for menu, Esc to quit)
You are now empty-handed.
There is a stone staircase leading down here.
As you open the door, it creaks loudly!
You hear a shout!
The hobgoblin shouts!
There is an open door here.
Casting: Beastly Appendage
Confirm with . or Enter, or press ? or * to list all spells.
You grow a pair of large bovine horns.
You hit the hobgoblin but do no damage. The hobgoblin hits you with a club.
* * * LOW HITPOINT WARNING * * *
You barely miss the hobgoblin. You barely miss the hobgoblin.
Your headbutt misses the hobgoblin.
Your transformation is almost over.
The hobgoblin hits you with a club.
You die...

..........#.#
#........
#.........#.#
#........
#.........#.#
#........
#.........#.#
#........
.####.........#.#
#........
............#.#.#
#########
###........#.#.#
#.....)..g.#†#.#
###......@.'>..#
#........#####
#........#
...##.#..... #.##
#.#.##### #.
#.#.# # #.#.# #.


You could see a hobgoblin.

Vanquished Creatures
  3 goblins (D:1)
  2 hobgoblins (D:1)
  A kobold (D:1)
  2 ball pythons (D:1)
  3 rats (D:1)
11 creatures vanquished.

Notes
Turn   | Place    | Note
-------+----------+-------------------------------------------
     0 | D:1      | tidbits the Demigod Transmuter began the quest for the Orb.
     0 | D:1      | Reached XP level 1. HP: 15/15 MP: 5/5
   121 | D:1      | Reached skill level 3 in Unarmed Combat
   126 | D:1      | HP: 1/15 [kobold/whip (4)]
   244 | D:1      | Reached XP level 2. HP: 5/22 MP: 4/7
   270 | D:1      | HP: 2/22 [hobgoblin/club (5)]
   271 | D:1      | Reached skill level 2 in Transmutations
   327 | D:1      | Slain by a hobgoblin

Vault maps used:
D:1:      lightli_arrival_chessboard

Skill      XL: |  1  2 |
---------------+-------+-----
Unarmed Combat | 3 |  3.1
Transmutations | 2 |  2.0
Fighting       | |  0.8
Dodging        | |  1.7
Spellcasting   | |  1.9

Action                   || total
-------------------------++-------
Melee: Spear             ||    19
       Unarmed           ||    18
       Kick              ||     2
       Headbutt          ||     1
Throw: Stone             ||     2
 Cast: Beastly Appendage ||     9
 Stab: Sleeping          ||     1
Armor: Robe              ||     2
Dodge: Dodged            ||    14

Table legend:
 A = Spawn XP
 B = Non-spawn XP
 C = Spawn XP percentage of total XP
 D = Spawn monster count
 E = Non-spawn monster count
 F = Spawn count percentage of total count
 G = Total turns spent on level
                    A         B        C        D         E        F      G
               +---------+---------+-------+---------+---------+-------+---------
         Total |       0 |      17 |   0.0 |       0 |      11 |   0.0 |   327
               +---------+---------+-------+---------+---------+-------+---------
           D:1 |       0 |      17 |   0.0 |       0 |      11 |   0.0 |   327
               +---------+---------+-------+---------+---------+-------+---------

Table legend:
 A = Turns spent in this place as a percentage of turns spent in the entire game.
 B = Non-inter-level travel turns spent in this place as a percentage of non-inter-level travel turns spent in the entire game.
 C = Inter-level travel turns spent in this place as a percentage of turns spent in this place.
 D = Turns resting spent in this place as a percentage of non-inter-level travel turns spent in this place.
 E = Turns spent auto-exploring this place as a percentage of non-inter-level travel turns spent in this place.
 F = Non-inter-level travel turns spent in this place divided by the number of levels of this place that you've seen.
                   A       B       C       D       E      F
               +-------+-------+-------+-------+-------+----------------------
         Total | 100.0 | 100.0 |   0.0 |   0.0 |   0.0 | 327.0
       Dungeon | 100.0 | 100.0 |   0.0 |   0.0 |   0.0 | 327.0
               +-------+-------+-------+-------+-------+----------------------

Table legend:
 A = Kills in this place as a percentage of kills in entire the game.
 B = Kills by you in this place as a percentage of kills by you in the entire game.
 C = Kills by friends in this place as a percentage of kills by friends in the entire game.
 D = Other kills in this place as a percentage of other kills in the entire game.
 E = Experience gained in this place as a percentage of experience gained in the entire game.
 F = Experience gained in this place divided by the number of levels of this place that you have seen.
                   A       B       C       D       E      F
               +-------+-------+-------+-------+-------+----------------------
         Total | 100.0 | 100.0 |   N/A |   N/A | 100.0 |  17.0
       Dungeon | 100.0 | 100.0 |   N/A |   N/A | 100.0 |  17.0
               +-------+-------+-------+-------+-------+----------------------

Vault maps used:
D:1:      lightli_arrival_chessboard
